[Event "28th Hit Open-A 2024"]
[Site "Nova Gorica"]
[Date "2024.01.29"]
[Round "5.6"]
[White "Budai, Leonardo"]
[Black "Plaskan, Jure"]
[Result "0-1"]
[ECO "B42"]
[WhiteElo "1847"]
[BlackElo "2262"]
[Annotator "TA"]
[PlyCount "50"]
[EventDate "2024.01.22"]
[EventType "swiss"]
[EventCountry "SLO"]
[SourceTitle "playchess.com"]
[Source "ChessBase"]
[SourceQuality "1"]
[TimeControl "5400+30"]

1. e4 c5 2. Nf3 e6 3. d4 cxd4 4. Nxd4 a6 5. Bd3 Bc5 6. Nb3 Be7 7. Qe2 Nc6 8. c4 d6 9. Nc3 {[%emt 0:01:28] The position is equal.} Nf6 10. Be3 Ne5 11. f4 Nxd3+ 12. Qxd3 Qc7 13. O-O Bd7 14. Nd4 (14. a4 $14) 14... Rc8 $1 $15 15. b3 {[%emt 0:24:14] [#]} b5 $1 16. Rac1 bxc4 17. Qe2 cxb3 18. Qxa6 $2 {[%emt 0:12:48] Now White is beyond hope.} (18. Nd5 $17 Qb7 19. Rxc8+ Bxc8 20. Nxe7 Qxe7 (20... Kxe7 21. e5 $14) 21. e5) 18... b2 $19 19. Rc2 Qc4 20. Qxc4 Rxc4 21. Nce2 (21. h3 $142) 21... Rxc2 {[%emt 0:00:39] Black is clearly winning.} 22. Nxc2 Bb5 ({Not} 22... Nxe4 23. Rb1 $19) (22... Ba4 23. Ned4 $19) 23. Ncd4 (23. Rb1 $142 Bxe2 24. Rxb2) 23... Bd3 24. Nc3 Bxf1 25. Kxf1 {[%emt 0:00:04] [#]} Nxe4 $1 {[%emt 0:00:06] Weighted Error Value: White=0.78/Black=0.04 (flawless) .  Mistake:       	White=4     	---        Inaccurate:     	White=2     	Black=1      OK:         	White=3     	Black=7      Best:        	---       	Black=4      Strong:       	---       	Black=1      Brilliant:      	---       	Black=1} 0-1

[Event "28th Hit Open-A 2024"]
[Site "Nova Gorica"]
[Date "2024.01.29"]
[Round "5.7"]
[White "Bodrogi, Bendeguz"]
[Black "Sebenik, Matej"]
[Result "1/2-1/2"]
[ECO "A49"]
[WhiteElo "2261"]
[BlackElo "2536"]
[Annotator "RC"]
[PlyCount "197"]
[EventDate "2024.01.22"]
[EventType "swiss"]
[EventCountry "SLO"]
[SourceTitle "playchess.com"]
[Source "ChessBase"]
[SourceQuality "1"]
[TimeControl "5400+30"]

1. Nf3 Nf6 2. g3 g6 3. b3 Bg7 4. Bb2 d6 5. d4 b5 6. Bg2 Bb7 7. O-O Nbd7 8. Nbd2 O-O 9. c4 bxc4 10. Nxc4 a5 11. Nh4 Qb8 12. d5 a4 13. e4 axb3 14. axb3 Nc5 15. Rb1 Ncxe4 16. Re1 Nc5 17. Rxe7 Re8 18. Rxe8+ Qxe8 19. b4 Ncd7 20. Na5 Ba6 21. Nc6 Bb5 22. Qd2 Qf8 23. Re1 Re8 24. Re3 Nb6 25. Bd4 Rxe3 26. Bxe3 Qa8 27. Bd4 Qa4 28. Ne7+ Kf8 29. Nef5 gxf5 30. Nxf5 Ne8 31. Nxg7 Nxg7 32. h4 Qb3 33. Be4 h6 34. Kh2 Qc4 35. Bf3 Nd7 36. Bb2 Ne5 37. Bxe5 dxe5 38. Qxh6 Kg8 39. Qf6 Qxb4 40. Qxe5 Qd6 41. Qg5 f6 42. Qd2 Be8 43. Bg2 Bf7 44. Qa5 Nf5 45. Qa4 Ne7 46. Qg4+ Kf8 47. h5 Qe5 48. h6 Qh5+ 49. Qxh5 Bxh5 50. Kh3 Bf7 51. d6 cxd6 52. g4 Bg6 53. f4 Ng8 54. g5 fxg5 55. fxg5 Ne7 56. Kg4 Kf7 57. Kf4 Ke6 58. Bh3+ Kd5 59. Bd7 Kd4 60. Be6 Kc5 61. Bd7 Kd5 62. Bg4 Bh7 63. Bh5 Ke6 64. Bg4+ Kf7 65. Bf3 Ng6+ 66. Ke3 Ne5 67. Bd5+ Ke7 68. Kf4 Nd3+ 69. Ke3 Ne5 70. Kf4 Nd7 71. Kf3 Nf8 72. Kg4 Ne6 73. Bb3 Bg6 74. Bd5 Nc7 75. Bg8 Kf8 76. Bb3 Nb5 77. Bd5 Nd4 78. Kf4 Ke7 79. Bg8 Ne6+ 80. Kg4 Nf8 81. Kf4 Bf7 82. h7 Ng6+ 83. Kf5 Nh8 84. Ke4 Kf8 85. Kd4 Kg7 86. Ke4 Ng6 87. Kd4 Kf8 88. Ke4 Ke7 89. Kf5 Nh8 90. Ke4 Ke8 91. Kf5 Ke7 92. Ke4 Kf8 93. Kf5 Kg7 94. Ke4 Ng6 95. Kd4 Kf8 96. Ke4 Ke7 97. Kf5 Kf8 98. Kf6 Be8 99. Ke6 1/2-1/2

[Event "28th Hit Open-A 2024"]
[Site "Nova Gorica"]
[Date "2024.01.29"]
[Round "5.8"]
[White "Djuric, Stefan"]
[Black "Doric, Darko"]
[Result "0-1"]
[ECO "D37"]
[WhiteElo "2220"]
[BlackElo "2456"]
[Annotator "RC"]
[PlyCount "132"]
[EventDate "2024.01.22"]
[EventType "swiss"]
[EventCountry "SLO"]
[SourceTitle "playchess.com"]
[Source "ChessBase"]
[SourceQuality "1"]
[TimeControl "5400+30"]

1. c4 e6 2. Nf3 d5 3. e3 Nf6 4. Nc3 Be7 5. d4 O-O 6. Bd3 b6 7. e4 dxe4 8. Nxe4 Nbd7 9. Qc2 Bb7 10. Neg5 h6 11. h4 c5 12. Ne5 Qe8 13. Bh7+ Kh8 14. Nexf7+ Rxf7 15. Bg6 hxg5 16. hxg5+ Kg8 17. gxf6 Nxf6 18. Bf4 cxd4 19. O-O-O Bxg2 20. f3 Bxh1 21. Rxh1 Qc6 22. Bh7+ Kf8 23. Be4 Bd6 24. Bxc6 Bxf4+ 25. Kb1 Rd8 26. Qd3 Bh6 27. Re1 Re7 28. Ba4 Rd6 29. Bc2 Rc7 30. Qa3 Ke7 31. Bd3 a5 32. Re5 Nd7 33. Re2 Nc5 34. Kc2 Rc8 35. Re5 Bf4 36. Rh5 Kf6 37. Kd1 Rdd8 38. Rh4 Be3 39. Ke2 Rh8 40. Bh7 g6 41. b4 axb4 42. Qxb4 Bg5 43. Rh1 Rc6 44. Qb1 d3+ 45. Kf2 e5 46. Qg1 Ne6 47. Qb1 Rd6 48. a4 Rc8 49. Rd1 Rh8 50. Bxg6 Kxg6 51. Rxd3 Rxd3 52. Qxd3+ Kf6 53. Qb3 Rh2+ 54. Kf1 Rh1+ 55. Kg2 Rc1 56. Kf2 Bf4 57. Qxb6 Rc2+ 58. Kf1 Rxc4 59. a5 Rc3 60. Ke2 Kf5 61. Qb1+ Kg5 62. a6 Nd4+ 63. Ke1 Re3+ 64. Kf2 Rxf3+ 65. Kg2 Rg3+ 66. Kf1 Be3 0-1

[Event "28th Hit Open-A 2024"]
[Site "Nova Gorica"]
[Date "2024.01.29"]
[Round "5.9"]
[White "Skrbec, Leon"]
[Black "Cvitan, Ognjen"]
[Result "1/2-1/2"]
[ECO "D37"]
[WhiteElo "2218"]
[BlackElo "2422"]
[Annotator "RC"]
[PlyCount "22"]
[EventDate "2024.01.22"]
[EventType "swiss"]
[EventCountry "SLO"]
[SourceTitle "playchess.com"]
[Source "ChessBase"]
[SourceQuality "1"]
[TimeControl "5400+30"]

1. d4 Nf6 2. Nf3 d5 3. c4 e6 4. Nc3 Be7 5. Bf4 O-O 6. e3 c5 7. dxc5 Bxc5 8. a3 Nc6 9. b4 Bd6 10. Bxd6 Qxd6 11. Be2 Rd8 1/2-1/2

[Event "28th Hit Open-A 2024"]
[Site "Nova Gorica"]
[Date "2024.01.29"]
[Round "5.10"]
[White "Zupancic, Jernej"]
[Black "Karacsonyi, Gellert"]
[Result "0-1"]
[ECO "E14"]
[WhiteElo "2211"]
[BlackElo "2398"]
[Annotator "RC"]
[PlyCount "204"]
[EventDate "2024.01.22"]
[EventType "swiss"]
[EventCountry "SLO"]
[SourceTitle "playchess.com"]
[Source "ChessBase"]
[SourceQuality "1"]
[TimeControl "5400+30"]

1. d4 d5 2. c4 e6 3. Nf3 Nf6 4. e3 b6 5. Nbd2 Bd6 6. b3 O-O 7. Bd3 Bb7 8. O-O Nbd7 9. Bb2 Ne4 10. Qe2 a6 11. Rfd1 f5 12. cxd5 exd5 13. Ne5 Ndf6 14. Nf1 g6 15. f3 Ng5 16. Rac1 Qe7 17. Nc6 Qg7 18. Re1 Qh6 19. a3 Rfe8 20. Qc2 Re6 21. Ne5 Nf7 22. b4 Rc8 23. Qe2 Ra8 24. Qc2 Ne8 25. e4 fxe4 26. fxe4 Nxe5 27. dxe5 Bxe5 28. exd5 Bxb2 29. dxe6 Bxc1 30. Rxc1 Qg5 31. Be4 Bxe4 32. Qxe4 Rd8 33. e7 Rd6 34. Re1 Qd5 35. Qe2 Qd3 36. Qa2+ Qd5 37. Qe2 Qd3 38. Qa2+ Kg7 39. Ng3 Qd2 40. Qb1 Qd3 41. Qa2 Qd4+ 42. Kh1 Rf6 43. Qe2 Qf2 44. Qe5 Qf4 45. Qe2 Qf2 46. Qe5 Qf4 47. Qe2 b5 48. Qb2 Kf7 49. Qe2 Qc4 50. Qd2 Re6 51. Rc1 Qh4 52. Qf2+ Qf6 53. Qa7 Qxe7 54. Rf1+ Nf6 55. Qf2 Kg7 56. h3 Qd6 57. Rc1 h5 58. Ne2 Ne4 59. Qd4+ Kh7 60. Qxd6 cxd6 61. Kg1 d5 62. Nd4 Rf6 63. Rc7+ Kh6 64. h4 g5 65. hxg5+ Kxg5 66. Rd7 Rd6 67. Rf7 Kg6 68. Rf5 Ng5 69. Re5 Nf7 70. Rf5 Nh6 71. Re5 Ng4 72. Re8 Nf6 73. Re5 Ne4 74. Nf3 Nf6 75. Nd4 Ng4 76. Re8 Rf6 77. Nf3 Rc6 78. Kf1 Rc1+ 79. Ke2 Rc2+ 80. Kd3 Rxg2 81. Re6+ Kf5 82. Rxa6 Rg3 83. Ke2 Rg2+ 84. Kd3 Ne5+ 85. Nxe5 Kxe5 86. a4 bxa4 87. Rxa4 Rg4 88. Kc3 Rg3+ 89. Kc2 Kd4 90. Ra8 Kc4 91. Rh8 Rg2+ 92. Kd1 Rg5 93. Rb8 d4 94. Ke1 Rb5 95. Rc8+ Kxb4 96. Kd2 Rc5 97. Ra8 Kc4 98. Rd8 Rg5 99. Rc8+ Kd5 100. Rh8 Ke4 101. Re8+ Kf3 102. Kd3 Rg4 0-1

[Event "28th Hit Open-A 2024"]
[Site "Nova Gorica"]
[Date "2024.01.29"]
[Round "5.11"]
[White "Kulkarni Bhakti"]
[Black "Marchesich, Giovanni"]
[Result "1-0"]
[ECO "A38"]
[WhiteElo "2364"]
[BlackElo "2210"]
[Annotator "TA"]
[PlyCount "75"]
[EventDate "2024.01.22"]
[EventType "swiss"]
[EventCountry "SLO"]
[SourceTitle "playchess.com"]
[Source "ChessBase"]
[SourceQuality "1"]
[TimeControl "5400+30"]

1. Nf3 Nf6 2. g3 g6 3. b3 Bg7 4. Bb2 c5 5. c4 d6 6. Bg2 e5 7. d3 O-O 8. O-O Nc6 9. Nc3 Rb8 10. a3 Ne8 11. Nd2 Nc7 {[%emt 0:04:00] [#]} 12. b4 $1 {[%emt 0:04:00] The position is equal.} cxb4 (12... f5 13. b5) 13. axb4 Nxb4 14. Qb3 Nba6 15. Ba3 $36 {[%emt 0:00:47][%mdl 2048] Threatening Nde4. White is more active.} b6 (15... Be6 $11 {remains equal.}) 16. Nde4 $16 Bb7 (16... Ne8 $16) 17. Bxd6 $18 Re8 18. Bxc7 Qxc7 19. Nb5 {[%emt 0:00:29] Excellent horsemanship.} Qe7 20. Ned6 Nc5 {[%emt 0:02:00] [#]} 21. Qc2 Bxg2 22. Kxg2 Red8 23. Rxa7 Rd7 24. Rfa1 e4 25. Rxd7 Qxd7 26. Ra7 exd3 27. exd3 Qc6+ {[%emt 0:00:07] [#]} 28. f3 $1 Nb7 29. Nxb7 Rxb7 30. Ra8+ Bf8 {[%emt 0:00:07] Black is weak on the light squares} 31. Qe2 Re7 {[%emt 0:00:57] Repels Qe4} 32. Qxe7 Qxa8 $16 {[%emt 0:00:02][%mdl 4096] Endgame. KQB-KQN} 33. Qe2 {[%emt 0:00:35] Against Qa2} Qa1 34. d4 {[%emt 0:01:05] Prevents Bc5} Bg7 35. Qe8+ Bf8 36. Nd6 {[%emt 0:00:27] Active counter play! White is clearly better.} Qa2+ 37. Kh3 Qa7 38. Qd8 $2 {[%emt 0:01:42][%mdl 32768] Weighted Error Value: White=0.15 (very precise) /Black=0.24 (precise) .  Missed win:     	White=1     	---        Mistake:       	---       	Black=3      Inaccurate:     	---       	Black=2      OK:         	White=10    	Black=9      Best:        	White=4     	Black=4     . Loss on time!?} (38. c5 $18 bxc5 39. dxc5) 1-0

[Event "28th Hit Open-A 2024"]
[Site "Nova Gorica"]
[Date "2024.01.29"]
[Round "5.12"]
[White "Ceschia, Ivano"]
[Black "Lavrencic, Matic"]
[Result "1-0"]
[ECO "B30"]
[WhiteElo "2183"]
[BlackElo "2299"]
[Annotator "TA"]
[PlyCount "71"]
[EventDate "2024.01.22"]
[EventType "swiss"]
[EventCountry "SLO"]
[SourceTitle "playchess.com"]
[Source "ChessBase"]
[SourceQuality "1"]
[TimeControl "5400+30"]

1. e4 c5 2. Nf3 e6 3. d3 Nc6 4. g3 d6 5. Bg2 Nf6 6. O-O Be7 7. Nbd2 O-O 8. a4 Bd7 9. Nc4 Rc8 10. Re1 {[%emt 0:14:50] White has an edge.} h6 11. Bf4 e5 12. Bd2 Be6 13. Ne3 Re8 14. Nh4 d5 15. Nhf5 Bf8 16. exd5 Nxd5 17. Bxd5 (17. Nxd5 {simplifies} Bxf5 18. Ne3 Be6 19. Bc3) 17... Bxd5 18. Nxd5 Qxd5 19. Qg4 {[%emt 0:01:06][%cal Of5g7] [#] aiming for Nxg7!} Kh8 20. Ne3 Qd8 21. Bc3 Rc7 22. Nc4 Rce7 23. Re2 Qc7 24. Rae1 Kg8 25. h4 Re6 26. h5 Nd4 27. Bxd4 cxd4 28. Qf5 Bb4 29. Rc1 a6 (29... e4 $15) 30. c3 $11 dxc3 31. bxc3 Bd6 32. Qe4 Bc5 33. a5 Ba7 34. Rb1 R8e7 {[%emt 0:00:25] [#]} ({Black should try} 34... R6e7 $14) 35. Reb2 $1 $16 {[%emt 0:00:11][%cal Rb2b7] White is more active.} Rc6 $2 (35... f5 $16 36. Qd5 (36. Qxb7 Qc5 $11) (36. Qxf5 e4 $14) 36... Qc6 37. Qxc6 bxc6) 36. Rxb7 {[%emt 0:00:16] Weighted Error Value: White=0.08 (flawless) /Black=0.15 (very precise) .  Loses game:     	---       	Black=1      Mistake:       	---       	Black=2      Inaccurate:     	White=2     	Black=2      OK:         	White=8     	Black=8      Best:        	White=2     	Black=2      Strong:       	White=1     	---} 1-0

[Event "28th Hit Open-A 2024"]
[Site "Nova Gorica"]
[Date "2024.01.29"]
[Round "5.13"]
[White "Furlan, Miha"]
[Black "Szegedy, Matyas"]
[Result "1/2-1/2"]
[ECO "B12"]
[WhiteElo "2287"]
[BlackElo "2129"]
[Annotator "TA"]
[PlyCount "109"]
[EventDate "2024.01.22"]
[EventType "swiss"]
[EventCountry "SLO"]
[SourceTitle "playchess.com"]
[Source "ChessBase"]
[SourceQuality "1"]
[TimeControl "5400+30"]

1. e4 c6 2. d4 d5 3. e5 Bf5 4. Nf3 e6 5. Be2 Nd7 6. O-O h6 7. c3 Ne7 8. Na3 Bh7 9. Nc2 Qc7 10. Nfe1 c5 11. f4 Nc6 12. Be3 Be7 13. Bd3 Bxd3 14. Nxd3 c4 15. Nde1 O-O-O 16. Nf3 Nb6 17. Qd2 Kb8 18. Bf2 Rdg8 19. Ne3 $1 Qd7 20. Rae1 (20. b3 $16) 20... g6 21. g3 (21. Qc2 $14) 21... Ka8 22. Re2 Rb8 (22... Bd8 $11) 23. g4 (23. Qc2 $14 {is more appropriate.}) 23... h5 $11 24. h3 hxg4 25. hxg4 Rh7 26. Bg3 Rbh8 (26... Rh3 {keeps more tension.} 27. Kg2 Rbh8 28. Qc2 Qd8) 27. Rh2 Rxh2 28. Nxh2 Qd8 29. Nf3 Nd7 30. Kg2 b5 31. Rh1 Kb7 32. Rxh8 Qxh8 33. Qe1 b4 34. Bh4 Bxh4 35. Qxh4 (35. Nxh4 $11 {remains equal.} Qh6 36. g5) 35... Qxh4 $17 36. Nxh4 bxc3 (36... Nb6 $15 37. cxb4 Nxd4 (37... Nxb4 38. Nf3 $11)) 37. bxc3 $11 {[%emt 0:00:11][%mdl 4096] Endgame. KNN-KNN} Nb6 38. Nf3 Na4 39. Nd1 Kc7 40. Ng5 Nd8 41. Kf3 Kd7 {[%emt 0:00:15] The position is equal.} 42. Ke3 Ke7 43. Nh7 Nc6 44. Kd2 a6 45. f5 gxf5 46. gxf5 Na7 ({But not} 46... exf5 $6 47. Ne3 $16) 47. f6+ Ke8 48. Ng5 Nb5 49. Nf3 Na3 50. Ng1 Nb1+ 51. Kc2 Na3+ 52. Kc1 Kf8 53. Ne2 Nb5 54. Kc2 Na3+ 55. Kc1 {[%emt 0:00:43] Weighted Error Value: White=0.13 (very precise) /Black=0.10 (very precise) .  Mistake:       	White=4     	Black=2      Inaccurate:     	White=3     	Black=4      OK:         	White=8     	Black=23     Best:        	White=1     	---        Strong:       	White=1     	---} 1/2-1/2

[Event "28th Hit Open-A 2024"]
[Site "Nova Gorica"]
[Date "2024.01.29"]
[Round "5.14"]
[White "Kozlovic, Jernej"]
[Black "Perossa, Nicolas"]
[Result "1-0"]
[ECO "A48"]
[WhiteElo "2174"]
[BlackElo "2277"]
[Annotator "RC"]
[PlyCount "107"]
[EventDate "2024.01.22"]
[EventType "swiss"]
[EventCountry "SLO"]
[SourceTitle "playchess.com"]
[Source "ChessBase"]
[SourceQuality "1"]
[TimeControl "5400+30"]

1. d4 Nf6 2. Nf3 g6 3. Bg5 Bg7 4. e3 d6 5. Bd3 h6 6. Bh4 Nbd7 7. c4 g5 8. Bg3 Nh5 9. Nc3 Nxg3 10. hxg3 c6 11. Qc2 Qc7 12. O-O-O Nf6 13. Nd2 Bd7 14. f3 O-O-O 15. g4 h5 16. gxh5 Nxh5 17. g4 Nf6 18. Nde4 Qa5 19. Kb1 Nxe4 20. Bxe4 Rxh1 21. Rxh1 Rh8 22. Rxh8+ Bxh8 23. Qh2 Bf6 24. a3 e6 25. Qxd6 Bd8 26. d5 cxd5 27. cxd5 Qb6 28. Qf8 f6 29. dxe6 Bxe6 30. Qe8 Bd7 31. Bf5 Bxf5+ 32. gxf5 Qd6 33. Kc2 Qh2+ 34. Kb3 Qd6 35. Qb5 a6 36. Qc4+ Kb8 37. Nd5 Bb6 38. e4 Bf2 39. Qc3 a5 40. Qxf6 Qg3 41. Qd8+ Ka7 42. Qxa5+ Kb8 43. Qc3 g4 44. fxg4 Qxg4 45. Qd3 Bh4 46. e5 Qg1 47. e6 Qe1 48. Ka2 Qe5 49. Nb6 Ka7 50. Qd5 Qe1 51. Nd7 b6 52. f6 Qe2 53. f7 Bf6 54. Nxf6 1-0

[Event "28th Hit Open-A 2024"]
[Site "Nova Gorica"]
[Date "2024.01.29"]
[Round "5.15"]
[White "Gaal, Zsoka"]
[Black "Labrovic, Jakov"]
[Result "1-0"]
[ECO "D33"]
[WhiteElo "2341"]
[BlackElo "1925"]
[Annotator "TA"]
[PlyCount "51"]
[EventDate "2024.01.22"]
[EventType "swiss"]
[EventCountry "SLO"]
[SourceTitle "playchess.com"]
[Source "ChessBase"]
[SourceQuality "1"]
[TimeControl "5400+30"]

1. Nf3 Nf6 2. g3 e6 3. Bg2 c5 4. c4 d5 5. cxd5 exd5 6. d4 Nc6 7. O-O Be6 8. Nc3 cxd4 9. Nxd4 Bc5 10. Be3 Be7 11. Rc1 {[%emt 0:14:29] White is more active.} O-O {[%emt 0:00:54] White is better.} 12. Nxc6 bxc6 13. Na4 Qd7 14. Bc5 Bh3 15. Bxe7 (15. Bxh3 Qxh3 16. f3 (16. Bxe7 $2 {leads to mate.} Ng4 17. Re1 Qxh2+ 18. Kf1 Qxf2#) 16... Qe6 $11) 15... Bxg2 16. Bxf8 ({Don't play} 16. Kxg2 Qxe7 17. Rxc6 Rfe8 $14) 16... Bxf1 17. Bxg7 Bxe2 18. Qxe2 Kxg7 19. Nc5 Qf5 20. Kg2 Rb8 21. b3 Rd8 22. Qf3 Qg6 ({Black should try} 22... Qxf3+ 23. Kxf3 Rc8) 23. Nd3 $16 Nd7 24. Nf4 Qh6 (24... Qe4 $16 {is a better defense.}) 25. Qc3+ $18 Kf8 $2 {[%emt 0:00:15] [#]} (25... Kg8 26. Qxc6 Qxc6 27. Rxc6 Nf8) 26. Qh8+ {[%emt 0:00:37] Weighted Error Value: White=0.06 (flawless) /Black=0.27 (precise) .  Mistake:       	---       	Black=3      Inaccurate:     	White=2     	Black=2      OK:         	White=6     	Black=4      Best:        	White=2     	Black=2} 1-0

[Event "28th Hit Open-A 2024"]
[Site "Nova Gorica"]
[Date "2024.01.29"]
[Round "5.16"]
[White "Stevanic, David"]
[Black "Orsatti, Marcello"]
[Result "1-0"]
[ECO "B01"]
[WhiteElo "2294"]
[BlackElo "1918"]
[Annotator "TA"]
[PlyCount "85"]
[EventDate "2024.01.22"]
[EventType "swiss"]
[EventCountry "SLO"]
[SourceTitle "playchess.com"]
[Source "ChessBase"]
[SourceQuality "1"]
[TimeControl "5400+30"]

1. e4 d5 2. exd5 Qxd5 3. Nc3 Qd8 4. Bc4 Nf6 5. Nf3 Bf5 {[%emt 0:02:16] [#]} 6. d3 (6. Ne5 $1 $16 e6 7. Qf3) 6... e6 $11 7. h3 c6 8. Qe2 {[%emt 0:02:25] White has an edge.} Qc7 9. g4 Bg6 10. Ne5 $1 {[%emt 0:00:07] h4 is the strong threat.} Nbd7 11. Nxd7 Qxd7 12. f4 O-O-O 13. Qf2 b6 14. Ba6+ Kb8 15. Be3 Qc7 16. a3 Nd5 17. Nxd5 Rxd5 18. b4 Be7 19. Bc4 Bf6 {[%emt 0:07:57] [#]} 20. O-O $1 Rd7 (20... Bxa1 21. Bxd5) 21. Ra2 Rhd8 22. a4 Bd4 23. b5 cxb5 24. Bxd4 Rxd4 (24... bxc4 $2 25. Be5 (25. Bxg7 Qc6 $11) 25... Rd6 26. a5 $18 (26. Bxg7 Rd5 $11)) 25. axb5 R8d7 (25... Be4 $142 $1) 26. f5 exf5 27. gxf5 Bh5 28. c3 $36 {[%emt 0:04:21][%mdl 2048] White has good play.} R4d6 29. Qh4 Rh6 {[%emt 0:04:25] [#]} (29... Qc5+ $11 30. Kg2 Rxd3 31. Bxd3 Qd5+ 32. Be4 Qxa2+ 33. Rf2 Qc4) 30. Qf4 {[%emt 0:01:57] White is more active.} (30. Re1 $1 $16 {[%cal Re1e8] Strongly threatening Re8+.} Qc5+ (30... Be2 31. Qf2 $16) 31. Rf2) 30... Qxf4 31. Rxf4 f6 32. Be6 ({White should try} 32. h4 $14) 32... Bf7 (32... Rxd3 $11 {keeps the balance.} 33. Rg2 g6 (33... Rxc3 $2 34. Rxg7 Rc1+ 35. Kf2 $18) (33... Rxh3 $2 34. Rc4 $18)) 33. Bxd7 $16 Bxa2 {[%emt 0:00:02][%mdl 4096] Endgame. KRB-KRB} 34. Kh2 (34. h4 $16) 34... g6 ({Black should play} 34... Bb1 $1 $14) 35. Be6 Bb1 36. fxg6 (36. Bc4 $16) 36... Rxg6 ({Better is} 36... hxg6 $14 37. Rf3 (37. Rxf6 Bxd3 38. Bg4 Rh7 $15) 37... Rh5) 37. Bf5 $18 Rg7 38. Rf2 {[%emt 0:00:21] Against Bc2. Threatens to win with Rb2.} Re7 39. Be4 Rd7 40. Bf5 (40. Rxf6 Bxd3 41. Bc6 Re7 $16) (40. c4 $18) 40... Rd6 $2 (40... Re7 $1 $11 {and Black is okay.}) 41. Rb2 Rxd3 $2 (41... Bxd3 42. Rd2 Bxf5 43. Rxd6 Kc7 44. Rxf6 Bd3 45. Rf7+ Kd6) 42. Rxb1 Rxc3 43. Bxh7 {[%emt 0:00:03] Weighted Error Value: White=0.21 (precise) /Black=0.42.  Loses game:     	---       	Black=1      Missed win:     	White=1     	---        Mistake:       	White=4     	Black=6      Inaccurate:     	White=4     	Black=2      OK:         	White=13    	Black=19     Best:        	White=2     	---        Strong:       	White=1     	---} 1-0

[Event "28th Hit Open-A 2024"]
[Site "Nova Gorica"]
[Date "2024.01.29"]
[Round "5.17"]
[White "Hozjan, Erik"]
[Black "Debevec, Blaz"]
[Result "0-1"]
[ECO "C58"]
[WhiteElo "1897"]
[BlackElo "2077"]
[Annotator "NA RC"]
[PlyCount "110"]
[EventDate "2024.01.22"]
[EventType "swiss"]
[EventCountry "SLO"]
[SourceTitle "playchess.com"]
[Source "ChessBase"]
[SourceQuality "1"]
[TimeControl "5400+30"]

1. e4 e5 2. Nf3 Nc6 3. Bc4 Nf6 4. Ng5 d5 5. exd5 Na5 6. Bb5+ Bd7 7. Bxd7+ Qxd7 8. O-O h6 9. Nf3 e4 10. Ne5 Qxd5 11. Ng4 Nxg4 12. Qxg4 h5 13. Nc3 hxg4 14. Nxd5 Bd6 15. g3 Rh5 16. Ne3 f5 17. d3 exd3 18. Bd2 Nc6 19. Bc3 O-O-O 20. Kg2 Rdh8 21. Rh1 Be5 22. cxd3 g6 23. Rad1 Bd4 24. Nc2 Bxc3 25. bxc3 Ne5 26. Ne1 R5h7 27. d4 Nc4 28. Nd3 g5 29. Rde1 Rf8 30. Ne5 Nxe5 31. Rxe5 Kd7 32. Rhe1 Rfh8 33. Rh1 f4 34. gxf4 gxf4 35. Rg5 Rh4 36. Rg7+ Kd8 37. a4 b6 38. a5 bxa5 39. Rg5 a4 40. Ra5 Rh3 41. f3 gxf3+ 42. Kf2 Rg8 43. Rxa4 Rg2+ 44. Kf1 Rc2 45. Ra1 a5 46. Rg1 Rhxh2 47. Rg8+ Ke7 48. Kg1 Rhg2+ 49. Rxg2 fxg2 50. Rxa5 f3 51. Ra1 Ke6 52. Kh2 Kf5 53. Kg3 Ke4 54. Re1+ Re2 55. Rd1 f2 0-1

[Event "28th Hit Open-A 2024"]
[Site "Nova Gorica"]
[Date "2024.01.29"]
[Round "5.18"]
[White "Bazilius, Augustinas"]
[Black "Kukushkin, Ivan"]
[Result "1/2-1/2"]
[ECO "B45"]
[WhiteElo "2030"]
[BlackElo "1890"]
[Annotator "NA RC"]
[PlyCount "80"]
[EventDate "2024.01.22"]
[EventType "swiss"]
[EventCountry "SLO"]
[SourceTitle "playchess.com"]
[Source "ChessBase"]
[SourceQuality "1"]
[TimeControl "5400+30"]

1. e4 c5 2. Nf3 Nc6 3. d4 cxd4 4. Nxd4 Nf6 5. Nc3 e6 6. Nxc6 bxc6 7. e5 Nd5 8. Ne4 Qc7 9. f4 Qb6 10. c4 Bb4+ 11. Ke2 f5 12. Nf2 Ne7 13. Nd3 Bc5 14. Nxc5 Qxc5 15. b3 g5 16. Qd6 Qa5 17. Bd2 Qd8 18. h4 gxh4 19. Rxh4 Ng6 20. Rh5 Kf7 21. Kf2 Qb6+ 22. Be3 Qa5 23. Bd3 Qd8 24. Rah1 Qg8 25. Bxf5 exf5 26. e6+ Ke8 27. Bd4 dxe6 28. Bxh8 Qxh8 29. Qxc6+ Kf8 30. Qxa8 Qd4+ 31. Ke1 Qa1+ 32. Kf2 Qd4+ 33. Kf1 Qd1+ 34. Kf2 Qd4+ 35. Ke1 Qa1+ 36. Kd2 Qb2+ 37. Kd1 Qb1+ 38. Kd2 Qb2+ 39. Ke1 Qa1+ 40. Kf2 Qd4+ 1/2-1/2

[Event "28th Hit Open-A 2024"]
[Site "Nova Gorica"]
[Date "2024.01.29"]
[Round "5.19"]
[White "Gregoric, Andraz"]
[Black "Jalovec, Igor"]
[Result "1/2-1/2"]
[ECO "C77"]
[WhiteElo "2217"]
[BlackElo "1703"]
[Annotator "RC"]
[PlyCount "151"]
[EventDate "2024.01.22"]
[EventType "swiss"]
[EventCountry "SLO"]
[SourceTitle "playchess.com"]
[Source "ChessBase"]
[SourceQuality "1"]
[TimeControl "5400+30"]

1. e4 e5 2. Nf3 Nc6 3. Bb5 a6 4. Ba4 Nf6 5. d3 b5 6. Bb3 Bc5 7. a4 Rb8 8. axb5 axb5 9. Nc3 h6 10. O-O d6 11. h3 O-O 12. Be3 Bxe3 13. fxe3 Ne7 14. Nh4 d5 15. Qf3 c6 16. Qg3 Qd6 17. d4 Nd7 18. exd5 cxd5 19. Bxd5 b4 20. dxe5 Qxe5 21. Qxe5 Nxe5 22. Ra7 Nd7 23. Bb3 bxc3 24. bxc3 g5 25. Nf5 Nxf5 26. Rxf5 Kg7 27. Rc7 Rb7 28. Rxb7 Bxb7 29. h4 Be4 30. Rb5 gxh4 31. Rh5 Rc8 32. Rxh4 Bg6 33. Rd4 Nc5 34. Bd5 Bxc2 35. c4 Na4 36. e4 Nb6 37. e5 Rd8 38. e6 fxe6 39. Rg4+ Kf6 40. Bf3 Bf5 41. Rh4 Kg5 42. Rh5+ Kg6 43. g4 Nxc4 44. gxf5+ exf5 45. Rh4 Ne5 46. Be2 Rd2 47. Kf1 Rb2 48. Ra4 Kg5 49. Ra5 Ng4 50. Bxg4 Kxg4 51. Ra4+ f4 52. Ra3 h5 53. Kg1 Rc2 54. Rb3 Re2 55. Ra3 Re3 56. Ra2 h4 57. Rb2 h3 58. Rb8 Re1+ 59. Kh2 Kf3 60. Rb3+ Re3 61. Rb4 Re4 62. Rb3+ Kf2 63. Rb2+ Re2 64. Rb4 f3 65. Rb1 Re1 66. Rb2+ Kf1 67. Kg3 Re2 68. Rb1+ Re1 69. Rb2 Kg1 70. Kxf3 h2 71. Rg2+ Kh1 72. Ra2 Rb1 73. Kg3 Rb3+ 74. Kf2 Rb1 75. Kg3 Rg1+ 76. Kh3 1/2-1/2